Map: Frozen Temple

Players

Miszu - Winner!

  • Race: Terran Terran
  • League: Grandmaster

AlexUA

  • Race: Terran Terran
  • League: Master

VOD

Have the link to the VOD?

Description

Time

  • Played on: May 17, 2016, 10:57 a.m.
  • Length: 8:06
Show
View Real Time Build Order
Export as new Build Order

Miszu Terran - Winner!

Build Orders:  

Get SALT Encoding   

  12  0:00  SCV  
  13  0:12  SCV  
  14  0:17  Supply Depot  
  14  0:24  SCV  
  15  0:39  SCV  
  15  0:40  Barracks  
  16  0:44  Refinery  
  16  0:51  SCV  
  17  1:03  SCV  
  18  1:15  SCV  
  19  1:29  Orbital Command  
  20  1:34  Barracks Reactor  
  19  1:46  Command Center  
  19  1:55  SCV  
  20  2:03  Factory  
  20  2:07  SCV  
  21  2:10  Marine x2  
  21  2:14  Refinery  
  23  2:21  Supply Depot  
  23  2:42  Marine x2, SCV  
  26  2:46  Factory Tech Lab  
  26  2:47  Starport  
  26  2:54  SCV  
  26  2:58  Orbital Command  
  27  3:06  SCV  
  27  3:09  Marine x2  
  30  3:18  Cyclone  
  33  3:25  Supply Depot  
  33  3:28  Marine  
  34  3:37  SCV  
  34  3:38  SCV  
  36  3:43  Marine  
  36  3:46  Marine  
  36  3:47  Engineering Bay  
  38  3:49  Orbital Command  
  38  3:58  Siege Tank  
  41  4:03  SCV  
  42  4:10  Supply Depot  
  42  4:13  Marine  
  42  4:14  Marine, SCV  
  42  4:15  SCV  
  46  4:24  Supply Depot  
  46  4:31  Marine x2  
  48  4:40  Siege Tank  
  48  4:42  Medivac  
  53  4:52  Bunker  
  53  5:00  Barracks  
  47  5:35  Viking  
  48  5:43  SCV  
  48  5:47  Marine, Barracks Tech Lab, Siege Tank  
  48  5:48  Marine  
  54  5:51  Barracks  
  54  6:02  Terran Infantry Weapons Level 1  
  54  6:03  Supply Depot  
  54  6:05  Marine  
  54  6:07  Marine  
  55  6:18  Marine  
  55  6:23  Marine  
  48  6:27  Marine  
  46  6:36  Marine  
  46  6:37  Medivac, Siege Tank  
  52  6:41  Marine  
  52  6:43  Marine  
  52  6:45  Marine  
  52  6:46  Command Center  
  55  6:54  Marine  
  55  6:55  Supply Depot  
  55  6:59  Marine  
  57  7:02  SCV  
  57  7:04  Barracks Reactor  
  57  7:07  Medivac  
  60  7:13  Marine x2  
  60  7:15  SCV  
  63  7:17  Marine  
  63  7:21  Supply Depot  
  64  7:27  SCV  
  65  7:31  Marine x2  
  67  7:39  SCV  
  71  7:46  Barracks Reactor  
Show
View Real Time Build Order
Export as new Build Order

AlexUA Terran 

Build Orders: 1/1/1, Liberator Opening, Mech 

Get SALT Encoding   

  12  0:00  SCV  
  13  0:13  SCV  
  14  0:18  Supply Depot  
  14  0:23  Refinery  
  14  0:28  SCV  
  15  0:41  Barracks  
  15  0:45  SCV  
  16  0:51  Refinery  
  16  0:57  SCV  
  17  1:09  SCV  
  18  1:21  SCV  
  19  1:31  Factory, Reaper  
  20  1:39  Orbital Command  
  20  1:47  Supply Depot  
  20  2:03  Barracks Reactor  
  20  2:07  SCV  
  21  2:15  Hellion  
  23  2:18  Starport  
  23  2:19  SCV  
  24  2:28  Supply Depot  
  24  2:31  SCV  
  25  2:44  SCV  
  26  2:45  Hellion x2  
  26  2:49  Barracks Reactor  
  30  2:56  SCV  
  31  3:05  Medivac  
  33  3:06  Hellion x2  
  33  3:11  Supply Depot  
  37  3:15  SCV  
  38  3:27  Armory  
  38  3:33  Hellion  
  40  3:44  Viking x2  
  44  3:48  Supply Depot  
  44  3:55  Hellion  
  46  3:58  Liberator  
  46  4:10  Hellion  
  53  4:18  Medivac  
  53  4:19  Supply Depot  
  53  4:22  Hellion  
  55  4:43  Hellion  
  55  4:44  Hellion  
  59  4:48  Supply Depot  
  59  5:05  Viking  
  59  5:06  Viking  
  55  5:32  Hellion x2  
  55  5:38  SCV  
  55  5:39  Command Center  
  56  5:46  Barracks Tech Lab  
  56  5:47  Medivac  
  58  5:50  Factory  
  58  5:59  Hellion  
  58  6:00  Hellion  
  57  6:30  Hellion x2  
  45  6:39  SCV  
  41  6:50  Viking, Medivac  
  41  6:51  SCV  
  41  6:52  Hellion x2  
  41  6:53  Orbital Command  
  50  6:57  Siege Tank  
  53  7:13  Hellion x2  
  53  7:14  SCV  
  58  7:20  Viking  
  60  7:26  SCV x2  
  60  7:29  Hellion  
  64  7:31  Factory  
  64  7:38  SCV x2  
  66  7:50  SCV x2  
Tags
 
Add a new tag
Caveats
  • Supply blocks, unpowered buildings, or Contaminate may cause inaccurate times.
  • Supply counts are checked every 10 seconds.